 Seeded DCSS version 0.31-a0-4-gefa6de2278 (webtiles) character file.

Game seed: 548224908236487523 (custom seed)

21 Pimp the Poker (level 2, 0/31 HPs)
             Began as an Ogre Gladiator on May 3, 2023.
             Slain by a gnoll
             ... wielding a +0 whip
              (5 damage)
             ... on level 2 of the Dungeon.
             The game lasted 00:01:29 (788 turns).

Pimp the Poker (Ogre Gladiator)                      Turns: 788, Time: 00:01:29

Health: 0/31       AC:  4    Str: 17    XL:     2   Next: 83%
Magic:  2/2        EV: 10    Int:  9    God:
Gold:   106        SH:  0    Dex: 10    Spells: 1/1 levels left

rFire   . . .        a - +0 trident
rCold   . . .        (no shield)
rNeg    . . .        b - +0 robe
rPois   .            c - +0 hat
rElec   .            j - +0 cloak
rCorr   .            (gloves unavailable)
SInv    .            (boots unavailable)
Will    .....        (no amulet)
Stlth   +            (no ring)
HPRegen 0.25/turn    (no ring)
MPRegen 0.08/turn

%: no passive effects
@: no status effects
A: large, unfitting armour, tough skin 1
a: no special abilities


You were on level 2 of the Dungeon.
You visited 1 branch of the dungeon, and saw 2 of its levels.

You collected 106 gold pieces.

Inventory:

Hand Weapons
 a - a +0 trident (weapon)
Missiles
 d - 3 throwing nets (quivered)
 e - a large rock
Armour
 b - a +0 robe (worn)
 c - a +0 hat (worn)
 j - a +0 cloak (worn)
Scrolls
 h - a scroll of identify {unknown}
 i - a scroll of blinking {unknown}
 m - a scroll of magic mapping {unknown}
Potions
 f - a potion of ambrosia {unknown}
 g - 2 potions of haste {unknown}
 k - a potion of magic {unknown}
 l - a potion of curing {unknown}
 n - a potion of heal wounds {unknown}


   Skills:
 + Level 3.1 Fighting
 + Level 3.2 Polearms
 + Level 2.3 Throwing
 + Level 2.9 Dodging


You had one spell level left.
You didn't know any spells.
Your spell library was empty.

Dungeon Overview and Level Annotations

Branches:
Dungeon (2/15)

Altars:


Innate Abilities, Weirdness & Mutations

You are too large for most types of armour.
You have tough skin. (AC +1)


Message History

HP restored.
You see here a +0 short sword.
n - a metallic golden potion You now have 106 gold pieces (gained 9).
Found a dagger.
As you open the door, it creaks loudly!
You hear a shout!
There is an open door here.
A hobgoblin comes into view.
You hit the hobgoblin.
The hobgoblin is lightly wounded.
The hobgoblin closely misses you.
You puncture the hobgoblin!
You kill the hobgoblin!
You open the door.
There is an open door here. 2 gnolls come into view.
The gnoll shouts!
You hear a shout!
There are monsters nearby!
The gnoll shouts!
A gnoll comes into view. It is wielding a +0 spear.
The gnoll hits you with a +0 whip.
The gnoll hits you from afar with a +0 spear.
A rat comes into view.
A gnoll comes into view. It is wielding a +0 halberd.
You barely miss the gnoll. Your punch misses the gnoll.
The gnoll barely misses you. x2; The gnoll hits you with a +0 whip.
The gnoll closely misses you.
The gnoll hits you from afar with a +0 spear.
You hit the gnoll but do no damage.
The gnoll hits you from afar with a +0 spear.
* * * LOW HITPOINT WARNING * * *
The gnoll barely misses you. The gnoll misses you.
The gnoll attacks as you move away! The gnoll hits you with a +0 whip.
* * * LOW HITPOINT WARNING * * *
You hit the gnoll.
The gnoll is lightly wounded.
The gnoll hits you with a +0 whip.
* * * LOW HITPOINT WARNING * * *
The gnoll attacks as you move away! The gnoll hits you with a +0 whip.
You die...

#.......'.........+
.....
##...####.........#
#... ##..#
##.......## #.g
##.# ##.....## #r#
#.# ##...## #.# #.#
##'## #g# ..# #.#
#g# ### ####.#####
#.# #......@g## #.#
#.#.......###.#
#.........g.g.#
#.#.......#####
....#.#...##
###.######## ##


You could see 3 gnolls.

Vanquished Creatures
  A dart slug (D:1)
  A bat (D:1)
  2 endoplasms (D:1)
  A goblin (D:1)
  3 hobgoblins
  3 jackals (D:1)
  2 kobolds
  A ball python (D:1)
  2 frilled lizards (D:1)
16 creatures vanquished.

Notes
Turn   | Place    | Note
-------+----------+-------------------------------------------
     0 | D:1      | Pimp the Ogre Gladiator began the quest for the Orb.
     0 | D:1      | Reached XP level 1. HP: 22/22 MP: 1/1
   112 | D:1      | Reached XP level 2. HP: 31/31 MP: 2/2
   788 | D:2      | Slain by a gnoll

Illustrated notes

Levels and vault maps discovered:
D:1:      evilmike_arrival_rings, layout_rooms, serial_glass, glass_columns_c,
          glass_columns_a, glass_columns_a, glass_columns_a
D:2:      layout_loops_corners, shapermc_ecumenical_altar_totnotflames

Skill      XL: |  1 |
---------------+----+-----
Fighting       | 3 |  3.1
Polearms       | |  3.2
Throwing       | |  2.3
Dodging        | |  2.9

Action                     || total
---------------------------++-------
  Melee: Trident           ||    57
         Punch             ||     1
 Armour: Robe              ||    43
  Dodge: Dodged            ||    47

Table legend: (Time is in decaauts)
 A = Elapsed time spent in this place.
 B = Non-inter-level travel time spent in this place.
 C = Inter-level travel time spent in this place.
 D = Time resting spent in this place.
 E = Time spent auto-exploring this place.
 F = Levels seen in this place.
 G = Mean time per level.
                   A        B        C        D        E       F      G
               +--------+--------+--------+--------+--------+-----+--------+
         Total |    796 |    763 |     33 |     23 |    546 |   2 |  398.0 |
       Dungeon |    796 |    763 |     33 |     23 |    546 |   2 |  398.0 |
               +--------+--------+--------+--------+--------+-----+--------+

Top non-repeatable levels by time:
     D:1: 630 daAuts
     D:2: 166 daAuts
